 Dungeon Crawl Stone Soup version 0.19-a0-1587-gaef70b6 (webtiles) character file.

8501 Amnesiac the Prestidigitator (level 11, -6/70 HPs)
             Began as a Mummy Artificer on Sept 16, 2016.
             Was an Initiate of Gozag.
             Mangled by an orc warrior
             ... wielding a +0 dire flail
              (21 damage)
             ... on level 9 of the Dungeon.
             The game lasted 00:22:38 (11789 turns).

Amnesiac the Prestidigitator (Mummy Artificer)     Turns: 11789, Time: 00:22:38

Health: -6/70      AC: 12    Str: 17    XL:     11   Next: 10%
Magic:  21/21      EV: 12    Int: 10    God:    Gozag
Gold:   770        SH:  0    Dex: 17    Spells: 0 memorised, 10 levels left

rFire  + . .     SeeInvis .     g - +10 hand axe of Mutoloeb {flame, rC+ Dex+2}
rCold  + + .     Gourm    .     x - +1 leather armour {rF+}
rNeg   + + +     Faith    .     (no shield)
rPois  ∞         Spirit   .     i - +0 helmet (curse)
rElec  .         Dismiss  .     y - +1 cloak {+Inv}
rCorr  .         Reflect  .     m - +2 pair of gloves
MR     ++...     Harm     .     b - +1 pair of boots {Stlth+}
Stlth  +++.......               (no amulet)
                                s - ring of protection from fire
                                h - ring of protection from magic

@: no status effects
A: no food or potions, fire vulnerability, cold resistance 1, negative energy
resistance 3, torment resistance, unbreathing
a: Potion Petition, Call Merchant, Bribe Branch, Renounce Religion, Evoke
Invisibility


You were on level 9 of the Dungeon.
You worshipped Gozag.
Gozag was pleased with you.
You were not hungry.

You visited 3 branches of the dungeon, and saw 12 of its levels.
You also visited: Sewer.

You collected 1759 gold pieces.
You spent 445 gold pieces at shops.
You paid 544 gold pieces to Gozag.

Inventory:

Hand Weapons
 e - a +1 dagger of protection
 g - the +10 hand axe of Mutoloeb (weapon) {flame, rC+ Dex+2}
   (You found it on level 5 of the Dungeon)

   It has been specially enchanted to burn those struck by it, causing extra
   injury to most foes and up to half again as much damage against particularly
   susceptible opponents.
   Big, fiery blades are also staple armaments of hydra-hunters.
   It affects your dexterity (+2).
   It protects you from cold.
Armour
 b - a +1 pair of boots of stealth (worn)
 i - a cursed +0 helmet (worn)
 k - a +0 pair of gloves of archery
 m - a +2 pair of gloves (worn)
 x - a +1 leather armour of fire resistance (worn)
 y - a +1 cloak of invisibility (worn)
 A - a +0 large shield
Jewellery
 h - a ring of protection from magic (left hand)
 s - a ring of protection from fire (right hand)
Wands
 a - a wand of heal wounds (1/9)
 c - a wand of flame (26/48)
 d - a wand of enslavement (10/24)
 o - a wand of heal wounds (1/9)
 t - a wand of acid (0/15)
 v - a wand of flame (20/48)
Scrolls
 f - 3 scrolls of teleportation
 j - 2 scrolls of remove curse
 l - 2 scrolls of fear
 n - 4 scrolls of amnesia
 p - 4 scrolls of identify
 q - 3 scrolls of enchant weapon
 u - 2 scrolls of fog
 w - a scroll of noise
 z - a scroll of blinking
 B - a scroll of immolation


   Skills:
 - Level 1.0 Fighting
 + Level 2.8 Short Blades
 - Level 1.5 Dodging
 + Level 3.2 Stealth
 - Level 13.6 Evocations


You had 10 spell levels left.
You didn't know any spells.

Dungeon Overview and Level Annotations

Branches:
Dungeon (9/15)             Temple (1/1) D:6            Lair (2/6) D:8
    Orc (0/2) D:9
  Swamp: Lair:2-4    Shoals: Lair:2-4     Snake: Lair:2-4    Spider: Lair:2-4

Altars:
Ashenzari
Elyvilon
Gozag
Hepliaklqana
Kikubaaqudgha
Makhleb
Nemelex Xobeh
Sif Muna
Trog
Uskayaw
Vehumet
Xom
Yredelemnul

Shops:
D:7 [


Innate Abilities, Weirdness & Mutations

You do not eat or drink.
Your flesh is vulnerable to fire.
You are immune to poison.
Your flesh is cold resistant. (rC+)
You are immune to negative energy. (rN+++)
You are immune to unholy pain and torment.
You can survive without breathing.


Message History

The orc warrior hits you with a dire flail!
You slash the orc warrior! You burn the orc warrior.
The orc warrior is severely wounded.
The orc warrior hits you with a dire flail.
Unknown command.
You hit the orc warrior but do no damage.
The orc warrior is severely wounded.
The orc warrior hits you but does no damage. x2
You hit the orc warrior. You burn the orc warrior.
The orc warrior is almost dead.
The orc warrior misses you.
You closely miss the orc warrior.
The orc warrior is almost dead.
The orc warrior hits you with a dire flail!
* * * LOW HITPOINT WARNING * * *
You closely miss the orc warrior.
The orc warrior is almost dead.
The orc warrior hits you with a dire flail!!
You die...
Your body crumbles into a pile of gold.

..........#........#
..........#........######
..........#........'.....
###########........######
# #........# # ######.###
# #$### # ##$..# # #8@$.#
# #$o..# ...# .'..>.#
...# ...#....# ...#
.....#8...# ...# ####
###### ...# ..... #####


You could see an orc warrior.

Vanquished Creatures
  Joseph (D:7)
  3 centaur zombies (D:9)
  A black mamba (Lair:1)
  3 spiny frogs (Lair:1)
  2 komodo dragons (Lair:1)
  Prince Ribbit (D:8)
  Grinder (D:5)
  A hippogriff (Lair:1)
  Sigmund (D:2)
  A spriggan (D:9)
  A wyvern (D:9)
  Edmund (D:6)
  A water moccasin (Lair:1)
  Duvessa (D:4)
  2 ice beasts (D:7)
  2 orc warriors
  9 porcupines (Lair:1)
  A wasp (D:7)
  2 sky beasts
  2 phantoms (D:7)
  The ghost of hairmachine the Chopper, an amateur HOAK of Lugonu (D:3)
  An ogre (D:9)
  2 centaurs (D:9)
  A big kobold (Sewer)
  3 bullfrogs
  A gnoll sergeant (D:8)
  2 scorpions
  3 wights (D:8)
  6 howler monkeys
  A bullfrog zombie (D:7)
  4 crimson imps
  4 hounds
  2 jellies
  8 orc wizards
  3 orc priests
  A bullfrog skeleton (D:9)
  2 centaur skeletons
  2 iguanas (Lair:1)
  9 worker ants
  A killer bee zombie (D:7)
  Robin (D:2)
  8 gnolls
  23 river rats
  16 adders
  3 shadow imps
  An adder zombie (D:7)
  4 worms
  2 dart slugs
  A leopard gecko (D:1)
  28 orcs
  4 ball pythons
  4 bats
  11 giant cockroaches
  14 hobgoblins
  4 jackals
  3 quokkas
  4 frilled lizards
  11 goblins
  20 kobolds
  A leopard gecko skeleton (D:7)
  9 rats
  A fungus (Lair:1)
267 creatures vanquished.

Vanquished Creatures (collateral kills)
  Dowan (D:4)
1 creature vanquished.

Vanquished Creatures (others)
  A hound skeleton (D:4)
  A gnoll (D:8)
  4 fungi (Lair:1)
  A plant (Lair:1)
7 creatures vanquished.

Grand Total: 275 creatures vanquished

Notes
Turn   | Place    | Note
-------+----------+-------------------------------------------
     0 | D:1      | Amnesiac the Mummy Artificer began the quest for the Orb.
     0 | D:1      | Reached XP level 1. HP: 15/15 MP: 2/2
   425 | D:2      | Reached XP level 2. HP: 15/21 MP: 4/4
   430 | D:2      | Reached skill level 3 in Evocations
   855 | D:3      | Reached XP level 3. HP: 19/26 MP: 5/5
  1042 | D:4      | Noticed Duvessa
  1042 | D:4      | Noticed Dowan
  1054 | D:4      | Killed Dowan
  1054 | D:4      | Reached skill level 4 in Evocations
  1054 | D:4      | Reached XP level 4. HP: 32/32 MP: 5/7
  1095 | D:4      | Killed Duvessa
  1593 | D:4      | Reached XP level 5. HP: 32/37 MP: 8/8
  1662 | D:4      | Reached skill level 5 in Evocations
  2096 | D:4      | Reached XP level 6. HP: 43/43 MP: 10/10
  2466 | D:5      | Entered Level 5 of the Dungeon
  2532 | D:5      | Noticed Grinder
  2552 | D:5      | Killed Grinder
  2552 | D:5      | Reached skill level 6 in Evocations
  2597 | D:5      | Found a shattered altar of Ashenzari.
  2598 | D:5      | Noticed a sky beast
  2650 | D:5      | Got a brightly glowing hand axe
  2651 | D:5      | Identified the +10 hand axe of Mutoloeb {flame, rC+ Dex+2} (You found it on level 5 of the Dungeon)
  2697 | D:5      | Reached XP level 7. HP: 43/48 MP: 12/12
  2738 | D:5      | Found a deep blue altar of Sif Muna.
  2742 | D:5      | Reached skill level 7 in Evocations
  3465 | D:6      | Reached skill level 8 in Evocations
  3487 | D:6      | Noticed Edmund
  3496 | D:6      | Found a white marble altar of Elyvilon.
  3538 | D:6      | Killed Edmund
  3538 | D:6      | Reached XP level 8. HP: 39/54 MP: 14/14
  3584 | D:6      | Found a staircase to the Ecumenical Temple.
  3596 | Temple   | Entered the Ecumenical Temple
  3602 | Temple   | Became a worshipper of Gozag Ym Sagoz the Greedy
  3632 | D:6      | You fall through a shaft!
  3655 | D:7      | Reached skill level 9 in Evocations
  3765 | D:6      | Found a glowing drain.
  3772 | Sewer    | Entered a sewer
  4000 | Sewer    | Found a white marble altar of Elyvilon.
  4499 | D:2      | Noticed Sigmund
  4638 | D:2      | Killed Sigmund
  4921 | D:2      | Noticed Robin
  4938 | D:2      | Killed Robin
  5409 | D:3      | Noticed hairmachine's ghost (amateur HOAK)
  5413 | D:3      | Killed hairmachine's ghost
  5542 | D:3      | Reached skill level 10 in Evocations
  6098 | D:6      | You fall through a shaft for 2 floors!
  6098 | D:8      | Noticed Prince Ribbit
  6109 | D:8      | Killed Prince Ribbit
  6109 | D:8      | Reached XP level 9. HP: 31/59 MP: 16/16
  6530 | D:7      | Bought a +1 cloak of invisibility for 165 gold pieces
  6543 | D:7      | Bought a +1 pair of boots of stealth for 165 gold pieces
  6573 | D:7      | Reached skill level 11 in Evocations
  6627 | D:7      | Bought a +0 pair of gloves of archery for 115 gold pieces
  6727 | D:7      | Noticed Joseph
  6752 | D:7      | Killed Joseph
  7302 | D:8      | Reached skill level 12 in Evocations
  7627 | D:8      | Found a staircase to the Lair.
  7944 | Lair:1   | Entered Level 1 of the Lair of Beasts
  7988 | Lair:1   | Reached XP level 10. HP: 31/65 MP: 19/19
  8019 | Lair:1   | Noticed a black mamba
  8050 | Lair:1   | Killed a black mamba
  9171 | Lair:1   | Noticed a spiny frog
  9177 | Lair:1   | Killed a spiny frog
  9177 | Lair:1   | Reached skill level 13 in Evocations
  9285 | Lair:1   | Noticed a black mamba
  9448 | Lair:1   | Noticed a spiny frog
  9455 | Lair:1   | Killed a spiny frog
  9576 | Lair:1   | Noticed a spiny frog
  9587 | Lair:1   | Killed a spiny frog
 10339 | Lair:2   | Noticed a five-headed hydra
 10458 | D:7      | Reached skill level 1 in Short Blades
 10458 | D:7      | Reached skill level 1 in Stealth
 11330 | D:9      | Reached XP level 11. HP: 70/70 MP: 21/21
 11767 | D:9      | Found a staircase to the Orcish Mines.
 11789 | D:9      | Mangled by an orc warrior

Vault maps used:
D:1:      roderic_dead_forest, minmay_tree_intersection
D:2:      uniq_robin, uniq_sigmund
D:3:      first_bread
D:4:      minmay_crystal_water, uniq_duvessa
D:5:      overflow_temple_1_default, ashenzari_altar_1, uniq_grinder
D:6:      elyvilon_altar_4, lightli_sewer_entry_pipes, uniq_edmund
D:7:      uniq_joseph
D:8:      lair_0_dummy, uniq_prince_ribbit1
D:9:      lemuel_ice_statue, minmay_orc_entry_temple_small, the_bakery
Temple:   eino_narrow_crystal_temple
Lair:1:   beast_lair_carwin_2, grunt_megastairs_5
Sewer:    sewer_kobolds

Skill      XL: |  1  2  3  4  5  6  7  8  9 10 11 |
---------------+----------------------------------+-----
Evocations     | 3 4 5 6 8 10 12 13 | 13.6
Short Blades   | 2 |  2.8
Stealth        | 2 3 |  3.2
Fighting       | |  1.0
Dodging        | |  1.5

Action                   |  1- 3 |  4- 6 |  7- 9 | 10-12 || total
-------------------------+-------+-------+-------+-------++-------
Melee: Short sword       |    23 |       |       |       ||    23
       Dagger            |   111 |   134 |       |     4 ||   249
       Hand axe          |       |     7 |   394 |   176 ||   577
Invok: Call Merchant     |       |       |     1 |       ||     1
 Abil: Evoke Invisibilit |       |       |       |     2 ||     2
       Turn Visible      |       |       |       |     2 ||     2
Evoke: Wand              |     3 |    19 |    15 |    33 ||    70
  Use: Scroll            |       |     7 |     2 |     6 ||    15
 Stab: Sleeping          |     1 |       |     6 |     1 ||     8
       Distracted        |       |       |     4 |       ||     4
       Invisible         |       |       |       |     3 ||     3
Armor: Leather armour    |    48 |    49 |    99 |    88 ||   284
       Scale mail        |       |       |    14 |       ||    14
Dodge: Dodged            |    71 |    73 |   265 |   147 ||   556
